Map: Crête de Lerilak

Players

Denver

  • Race: Zerg Zerg
  • League: Grandmaster

Mamba - Winner!

  • Race: Zerg Zerg
  • League: Grandmaster

VOD

Have the link to the VOD?

Description

Time

  • Played on: March 27, 2016, 5:24 a.m.
  • Length: 7:16
Show
View Real Time Build Order
Export as new Build Order

Denver Zerg 

Build Orders: Hatch First 

Get SALT Encoding   

  12  0:00  Drone  
  13  0:12  Overlord  
  13  0:17  Drone  
  14  0:31  Drone x2  
  14  0:35  Drone  
  17  0:52  Hatchery  
  17  0:55  Drone  
  17  0:57  Drone  
  17  1:01  Extractor  
  17  1:12  Spawning Pool  
  17  1:17  Drone  
  17  1:20  Drone  
  18  1:30  Drone  
  19  1:39  Overlord  
  19  1:59  Queen  
  21  2:01  Zergling x2, Baneling Nest  
  21  2:04  Queen, Zergling x2  
  21  2:08  Drone  
  25  2:14  Drone  
  26  2:19  Metabolic Boost  
  26  2:23  Drone  
  26  2:25  Drone  
  26  2:29  Drone  
  29  2:33  Drone  
  30  2:39  Drone  
  31  2:46  Drone  
  32  2:58  Drone  
  32  3:01  Hatchery  
  32  3:04  Overlord  
  32  3:08  Drone x2  
  32  3:10  Drone  
  34  3:16  Overlord  
  34  3:20  Zergling x2  
  34  3:22  Overlord  
  34  3:25  Drone  
  34  3:26  Drone  
  37  3:28  Drone  
  37  3:31  Drone  
  37  3:33  Zergling x2  
  40  3:35  Baneling  
  40  3:36  Baneling  
  40  3:41  Drone x3  
  42  3:48  Extractor  
  42  3:49  Extractor  
  42  3:50  Lair  
  42  3:53  Drone  
  42  3:54  Drone  
  43  3:58  Drone x2  
  43  3:59  Drone  
  43  4:00  Drone  
  47  4:07  Drone x2  
  48  4:15  Extractor  
  47  4:21  Drone  
  47  4:22  Roach Warren, Drone x4  
  50  4:25  Overlord  
  50  4:30  Overlord  
  50  4:32  Zergling x4  
  50  4:34  Zergling x2  
  50  4:35  Zergling x2  
  54  4:40  Overlord  
  54  4:47  Queen  
  56  4:53  Baneling x3  
  56  4:54  Baneling  
  56  5:01  Spire, Overseer  
  56  5:03  Roach x2  
  56  5:04  Roach  
  61  5:12  Roach x3  
  67  5:16  Roach x2  
  69  5:23  Roach x2  
  69  5:24  Roach  
  69  5:28  Roach  
  77  5:29  Roach  
  77  5:35  Roach x2  
  83  5:39  Roach  
  83  5:40  Roach  
  83  5:42  Overlord  
  87  5:45  Overlord  
  87  5:49  Roach  
  89  5:55  Roach  
  87  6:00  Roach  
  87  6:01  Roach x4  
  92  6:08  Ravager  
  92  6:09  Ravager x2  
  92  6:10  Roach x3  
  95  6:17  Roach x3  
  91  6:22  Roach  
  91  6:23  Roach  
  81  6:29  Roach  
  81  6:30  Roach x2  
  72  6:37  Ravager x2  
  72  6:39  Roach  
  73  6:42  Ravager  
  74  6:50  Roach x3  
  80  6:55  Drone x3  
Show
View Real Time Build Order
Export as new Build Order

Mamba Zerg - Winner!

Build Orders: Hatch First 

Get SALT Encoding   

  12  0:00  Drone  
  13  0:12  Overlord  
  13  0:17  Drone  
  14  0:31  Drone x2  
  14  0:34  Drone  
  17  0:53  Hatchery  
  17  0:56  Drone  
  17  1:00  Drone  
  18  1:10  Extractor  
  17  1:14  Spawning Pool  
  17  1:17  Drone  
  17  1:20  Drone  
  18  1:28  Drone  
  19  1:39  Overlord  
  19  1:49  Drone  
  20  2:02  Queen  
  20  2:03  Zergling x2  
  20  2:04  Queen  
  20  2:05  Drone  
  26  2:12  Metabolic Boost  
  26  2:14  Drone  
  27  2:18  Drone  
  27  2:21  Drone  
  29  2:30  Baneling Nest  
  29  2:31  Drone  
  29  2:35  Drone  
  30  2:40  Drone  
  31  2:47  Overlord  
  32  2:51  Drone  
  32  2:54  Drone  
  32  3:08  Drone x2  
  32  3:10  Drone x4  
  32  3:11  Lair  
  38  3:14  Roach Warren  
  38  3:15  Zergling x2  
  38  3:16  Zergling x2  
  39  3:20  Drone x2  
  39  3:24  Drone  
  42  3:30  Overlord  
  42  3:35  Drone  
  42  3:40  Evolution Chamber  
  42  3:41  Drone  
  43  3:45  Drone  
  43  3:47  Extractor  
  43  3:48  Extractor  
  42  3:50  Drone x4  
  42  3:51  Drone x2  
  42  3:55  Overlord  
  48  4:05  Overlord  
  48  4:09  Glial Reconstitution  
  47  4:15  Roach x4  
  55  4:20  Overlord  
  55  4:22  Drone x4  
  59  4:24  Extractor  
  59  4:26  Overseer  
  58  4:34  Zerg Missile Weapons Level 1  
  58  4:37  Roach  
  60  4:40  Overlord  
  60  4:44  Hatchery  
  59  4:47  Roach x2  
  59  4:49  Overlord  
  59  4:52  Roach  
  65  4:54  Roach  
  65  4:59  Roach  
  71  5:00  Roach  
  71  5:02  Roach  
  71  5:05  Roach  
  75  5:12  Roach x2  
  79  5:19  Roach x2  
  83  5:25  Roach x4  
  91  5:30  Overlord  
  91  5:31  Overlord  
  91  5:39  Overlord  
  90  5:43  Ravager  
  90  5:48  Ravager x3  
  96  5:50  Roach x3  
  100  6:01  Roach  
  100  6:02  Roach x4  
  108  6:04  Roach  
  108  6:10  Roach x2  
  110  6:14  Roach  
  110  6:18  Roach  
  112  6:22  Queen  
  112  6:24  Roach  
  112  6:25  Roach x2  
  120  6:29  Roach x2  
  113  6:35  Roach  
  113  6:38  Roach x2  
  119  6:41  Ravager  
  119  6:44  Roach  
  120  6:48  Roach x2  
  120  6:54  Overlord  
Tags
 
Add a new tag
Caveats
  • Supply blocks, unpowered buildings, or Contaminate may cause inaccurate times.
  • Supply counts are checked every 10 seconds.